AoeStats
← AhHeck

Arabia

503164464Analyzed
1v1 RM · 1mo ago on Aug 30, 2026· 21m 27s· 2 players
Game mode
Random Map
Map size
Tiny (2 player)
Population
200
Speed
Normal
Resources
Standard
Victory
Conquest
Starting age
Dark Age
Ending age
Imperial Age
RankedLock teamsTeams togetherTeam positionsShared explorationLock speedFull tech treeHidden civsTurbo modeCheats
Victory
Defeat
🇨🇴 Persians · Colombia
901
+15
🇬🇧 Bulgarians · United Kingdom
883
-38
AhHeck
12:14 Feudal Age
14:03 Wheelbarrow
13:12 Horse Collar
13:20 Double-Bit Axe
14:49 Town Watch
diegof.vargas
6:12 Loom
10:55 Feudal Age
11:31 Double-Bit Axe
14:13 Man-at-Arms
16:50 Horse Collar
18:32 Gold Mining
18:55 Forging
22:15 Wheelbarrow
Connection lost

Rejoining the realm…

Still unreachable

The connection could not be restored.

Session expired

The server has moved on; the page needs a fresh start.